 Dungeon Crawl Stone Soup version 0.24-a0-416-g56ce517 (webtiles) character file.

Game seed: 2849824712585057352

415 MatthieuS the Ruffian (level 7, -3/81 HPs)
             Began as a Human Wanderer on June 8, 2019.
             Was an Initiate of Okawaru.
             Engulfed by a cloud of freezing vapour (17 damage)
             ... on level 3 of the Dungeon.
             The game lasted 00:10:39 (3560 turns).

MatthieuS the Ruffian (Human Wanderer)              Turns: 3560, Time: 00:10:39

Health: -3/81      AC:  6    Str: 21    XL:     7   Next: 15%
Magic:  8/8        EV: 10    Int: 11    God:    Okawaru [......]
Gold:   157        SH:  0    Dex: 12    Spells: 6/6 levels left

rFire    . . .     SeeInvis .     - Unarmed
rCold    . . .     Gourm    .   (no shield)
rNeg     . . .     Faith    .   c - +0 ring mail
rPois    .         Spirit   .   (no helmet)
rElec    .         Reflect  .   (no cloak)
rCorr    .         Harm     .   (no gloves)
MR       .....                  (no boots)
Stlth    ..........             q - amulet of rage
HPRegen  0.23/turn              i - +1 ring of protection
MPRegen  0.11/turn              n - ring of stealth

@: berserking, very quick
A: no striking features
a: Renounce Religion, Evoke Berserk Rage


You were on level 3 of the Dungeon.
You worshipped Okawaru.
Okawaru was noncommittal.
You were very hungry.

You visited 1 branch of the dungeon, and saw 4 of its levels.

You collected 157 gold pieces.

Inventory:

Hand Weapons
 a - a +2 shortbow
Missiles
 b - 50 arrows
 l - 7 atropa-tipped darts (quivered)
 p - 7 silver javelins
 r - 18 poisoned darts
Armour
 c - a +0 ring mail (worn)
Jewellery
 i - a +1 ring of protection (left hand)
   (You found it on level 1 of the Dungeon)
 n - a ring of stealth (right hand)
   (You found it on level 4 of the Dungeon)
 q - an amulet of rage (around neck)
   (You found it on level 4 of the Dungeon)
Scrolls
 d - a scroll of amnesia {unknown}
 f - 7 scrolls of identify {unknown}
 h - a scroll of fog {unknown}
 j - a scroll of enchant armour {unknown}
 k - 4 scrolls of remove curse {@r2}
Potions
 g - a potion of flight {unknown}
 m - 2 potions of heal wounds {unknown}
Comestibles
 e - 2 rations
 o - 2 chunks of flesh


   Skills:
 + Level 4.3 Fighting
   Level 2.0 Long Blades
 - Level 1.0 Bows
 - Level 3.0 Armour
 * Level 5.5 Unarmed Combat
 - Level 2.0 Evocations


You had 6 spell levels left.
You didn't know any spells.
Your spell library contained the following spells:

 Spells                   Type           Power        Failure   Level  Hunger
 Corona                   Hex            #......      50%         1    ##.....
 Ensorcelled Hibernation  Hex/Ice        #.....       65%         2    ###....
 Confuse                  Hex            #.......     86%         3    ####...
 Dazzling Spray           Conj/Hex       #.....       86%         3    ####...
 Tukima's Dance           Hex            #.......     86%         3    ####...


Dungeon Overview and Level Annotations

Branches:
Dungeon (4/15)
 Temple: D:4-7

Altars:
Fedhas
Kikubaaqudgha
Okawaru

Shops:
D:4 (:

Annotations:
D:3 Grinder, Sigmund


Message History

The bat closely misses you. The bat misses you.
Ijyb shouts!
The bat hits you but does no damage. x2
The bat closely misses you. The bat hits you but does no damage.
The bat hits you but does no damage.
A quokka comes into view.
The bat closely misses you. The bat hits you but does no damage.
The bat hits you but does no damage. The bat barely misses you.
Sigmund the Dreaded comes into view.
He is wielding a +0 scythe.
The bat completely misses you.
You closely miss the bat. Your punch misses the bat.
The bat hits you but does no damage. The bat closely misses you.
The bat barely misses you.
You hit the bat.
You kill the bat!
Okawaru accepts your kill. The quokka barely misses you.
Sigmund gestures wildly while chanting.
Sigmund flickers and vanishes!
Deactivating autopickup; reactivate with Ctrl-A.
The quokka barely misses you.
As you read the scroll labeled ULESYA TEDUBRI, it crumbles to dust.
You feel blessed for a moment.
It was a scroll of remove curse.
The quokka barely misses you.
A red film seems to cover your vision as you go berserk!
You feel yourself moving faster!
You feel mighty!
You are feeling very hungry.
The quokka bites you but does no damage.
Ijyb zaps a wand.
Ijyb creates a blast of freezing vapour!
You punch Ijyb!
You are engulfed in freezing vapours.
The quokka is engulfed in freezing vapours.
The quokka dies!
You closely miss Ijyb.
You are engulfed in freezing vapours.
Ijyb hits you.
You punch Ijyb!
You are engulfed in freezing vapours.
You barely miss Ijyb.
You are engulfed in freezing vapours.
* * * LOW HITPOINT WARNING * * *
Ijyb closely misses you.
You hit Ijyb.
You kill Ijyb!
Okawaru accepts your kill.
You are engulfed in freezing vapours.
* * * LOW HITPOINT WARNING * * *
You punch Grinder!
You are engulfed in freezing vapours.
* * * LOW HITPOINT WARNING * * *
You barely miss Grinder. You punch Grinder.
You are engulfed in freezing vapours.
You die...

.... #### .... #.(. .....
#... .....# #... . ....#
#############... ... ...
#..........##..÷
.....#§###..........#....
....{§☼§@5g.........#.###
#####§§###.............#
##.###...........#..#
#....##...###...##..
####.###...##.### #.
####g##..#....# ###.
#.....#.##...## ....
#...#.#.#..#.....###
#...#...#...........


You could see Grinder and a hobgoblin.

Vanquished Creatures
  An ogre (D:4)
  A howler monkey (D:2)
  A crimson imp (D:4)
  2 orc priests (D:4)
  Ijyb (D:3)
  2 orc wizards (D:4)
  A worker ant (D:4)
  A hound skeleton (D:4)
  3 adders
  A dart slug (D:2)
  A leopard gecko (D:1)
  6 orcs (D:4)
  A ball python (D:2)
  A giant cockroach (D:1)
  2 hobgoblins
  11 jackals
  5 bats
  4 goblins
  4 kobolds
  12 rats
61 creatures vanquished.

Vanquished Creatures (others)
  A quokka (D:3)
1 creature vanquished.

Grand Total: 62 creatures vanquished

Notes
Turn   | Place    | Note
-------+----------+-------------------------------------------
     0 | D:1      | MatthieuS the Human Wanderer began the quest for the Orb.
     0 | D:1      | MatthieuS set off with the following items: a +2 shortbow,
                  | 28 arrows, a +0 ring mail, a potion of lignification {!q},
                  | a ration
     0 | D:1      | Reached XP level 1. HP: 16/16 MP: 2/2
   139 | D:1      | Reached skill level 1 in Unarmed Combat
   139 | D:1      | Reached XP level 2. HP: 12/22 MP: 3/3
   656 | D:1      | Reached XP level 3. HP: 18/28 MP: 4/4
   904 | D:1      | Reached skill level 2 in Unarmed Combat
  1310 | D:2      | Reached XP level 4. HP: 12/34 MP: 5/5
  1325 | D:2      | Reached skill level 3 in Unarmed Combat
  1704 | D:2      | You fall into a shaft and drop 2 floors!
  1730 | D:4      | Reached XP level 5. HP: 38/41 MP: 6/6
  1767 | D:4      | Reached skill level 4 in Unarmed Combat
  1948 | D:4      | Reached XP level 6. HP: 26/47 MP: 7/7
  2282 | D:4      | Found Luishrap's Antique Weapon Shop.
  2289 | D:4      | Found Pypesuorr's Book Boutique.
  2349 | D:4      | Found an ancient bone altar of Kikubaaqudgha.
  2349 | D:4      | Found an iron altar of Okawaru.
  2349 | D:4      | Found a blossoming altar of Fedhas.
  2349 | D:4      | Noticed an ogre
  2538 | D:4      | Killed an ogre
  2538 | D:4      | Reached skill level 5 in Unarmed Combat
  2736 | D:4      | Became a worshipper of Warmaster Okawaru
  3085 | D:4      | Reached XP level 7. HP: 31/54 MP: 8/8
  3529 | D:3      | Noticed Grinder
  3537 | D:3      | Noticed Ijyb
  3548 | D:3      | Noticed Sigmund
  3558 | D:3      | Killed Ijyb
  3560 | D:3      | Engulfed by a cloud of freezing vapour

Levels and vault maps discovered:
D:1:      dpeg_arrival_ratfight, layout_basic
D:2:      layout_basic, marbit_many_paths, first_ration
D:3:      layout_rooms, uniq_sigmund, uniq_ijyb, uniq_grinder
D:4:      layout_loops_ring, gammafunk_temple_overflow_claw, serial_shops, shop,
          shop, serial_co_window_serial, co_window_paths_a,
          co_window_of_opportunity_a, co_window_cross_1, co_window_paths_b,
          co_window_paths_a, co_window_broadway_c, co_window_broadway_a,
          co_window_of_opportunity_c, co_window_broadway_b, glass_columns_b,
          glass_columns_a, glass_columns_a, glass_columns_b

Skill      XL: |  1  2  3  4  5  6 |
---------------+-------------------+-----
Unarmed Combat | 1 2 3 4 5 |  5.5
Fighting       | 3 4 |  4.3
Long Blades    | |  2.0
Bows           | |  1.0
Armour         | |  3.0
Evocations     | |  2.0

Action                   |  1- 3 |  4- 6 |  7- 9 || total
-------------------------+-------+-------+-------++-------
Melee: Unarmed           |   154 |   176 |    23 ||   353
       Punch             |     1 |     6 |     2 ||     9
 Fire: Shortbow          |     8 |    38 |       ||    46
Throw: Dart              |       |     6 |       ||     6
 Abil: Evoke Berserk Rag |       |       |     1 ||     1
  Use: Potion            |     1 |       |       ||     1
       Scroll            |       |       |     1 ||     1
 Stab: Sleeping          |       |       |     1 ||     1
  Eat: Chunk             |       |     4 |     1 ||     5
       Ration            |       |     1 |       ||     1
Armor: Ring mail         |    77 |    78 |    15 ||   170
       Skin              |       |     3 |       ||     3
Dodge: Dodged            |    98 |    86 |    22 ||   206

Table legend:
 A = Non-vault XP
 B = Vault XP
 C = Vault XP percentage of total XP
 D = Non-vault monster count
 E = Vault monster count
 F = Vault count percentage of total count
                 A         B        C        D         E       F
            +---------+---------+-------+---------+---------+-------
      Total |     553 |      41 |   6.9 |      55 |       6 |   9.8
            +---------+---------+-------+---------+---------+-------
        D:1 |      33 |       5 |  13.2 |      20 |       5 |  20.0
        D:2 |      95 |       0 |   0.0 |      12 |       0 |   0.0
        D:3 |      21 |      36 |  63.2 |       5 |       1 |  16.7
        D:4 |     404 |       0 |   0.0 |      18 |       0 |   0.0
            +---------+---------+-------+---------+---------+-------
